 Dungeon Crawl Stone Soup version 0.29.1-4-g47bece8355 (webtiles) character file.

Game seed: 8209899237761851284

105 zeram the Sneak (level 5, -1/31 HPs)
             Began as a Kobold Brigand on Dec 7, 2022.
             Slain by an orc wizard
             ... wielding a +0 dagger
              (4 damage)
             ... on level 3 of the Dungeon.
             The game lasted 00:02:28 (1984 turns).

zeram the Sneak (Kobold Brigand)                    Turns: 1984, Time: 00:02:29

Health: -1/31      AC:  4    Str:  8    XL:     5   Next: 8%
Magic:  5/5        EV: 14    Int: 14    God:
Gold:   67         SH:  0    Dex: 17    Spells: 4/4 levels left

rFire   . . .      SeeInvis .   a - +2 dagger
rCold   . . .      Faith    .   (no shield)
rNeg    . . .      Spirit   .   b - +0 robe
rPois   .          Reflect  .   (no helmet)
rElec   .          Harm     .   c - +1 cloak
rCorr   .          Rampage  .   (no gloves)
Will    .....                   (no boots)
Stlth   +++.......              (no amulet)
HPRegen 0.10/turn               (no ring)
MPRegen 0.09/turn               (no ring)

@: confused
A: small, no large weapons, nightstalker 3
a: no special abilities


You were on level 3 of the Dungeon.
You visited 1 branch of the dungeon, and saw 3 of its levels.

You collected 67 gold pieces.

Inventory:

Hand Weapons
 a - a +2 dagger (weapon)
Missiles
 d - 15 poisoned darts (quivered)
 e - 3 curare-tipped darts
 l - a throwing net
Armour
 b - a +0 robe (worn)
 c - a +1 cloak (worn)
Potions
 f - a potion of degeneration {unknown}
 g - a potion of flight {unknown}
 i - 2 potions of curing {unknown}
 j - 2 potions of attraction {unknown}
 k - a potion of cancellation {unknown}
 m - a potion of haste {unknown}


   Skills:
 + Level 2.7 Fighting
 + Level 3.6 Short Blades
 + Level 2.2 Throwing
 + Level 1.3 Dodging
 + Level 7.5 Stealth


You had 4 spell levels left.
You didn't know any spells.
Your spell library was empty.

Dungeon Overview and Level Annotations

Branches:
Dungeon (3/15)

Altars:


Innate Abilities, Weirdness & Mutations

You are small and have problems with some larger weapons.
You are completely attuned to the shadows.


Message History

You hit the orc.
The orc is heavily wounded.
The orc barely misses you.
You hit the orc.
The orc is severely wounded.
The orc closely misses you. The orc hits you but does no damage.
You hit the orc.
You kill the orc!
The orc hits you with a +0 hand axe.
You closely miss the orc.
You hear some strange, mumbled words.
Deactivating autopickup; reactivate with Ctrl-A.
Something tries to affect you, but you resist.
The orc closely misses you.
You completely miss the orc. Something hits you.
The orc hits you with a +0 hand axe.
You are too injured to fight recklessly!
You are too injured to fight recklessly!
You are too injured to fight recklessly!
You barely miss the orc. Something hits you.
You barely miss the orc. The orc hits you but does no damage.
You hit the orc.
The orc is severely wounded.
Something hits you but does no damage. The orc misses you.
You barely miss the orc.
The orc is severely wounded.
You hear some strange, mumbled words.
You are confused.
The orc barely misses you.
You bump into the rock wall.
Something hits you but does no damage. The orc barely misses you.
You hit the orc.
The orc is almost dead.
You hear some strange, mumbled words.
A puff of flame appears from out of thin air!
The puff of flame hits you!
* * * LOW HITPOINT WARNING * * *
The orc misses you.
You bump into the rock wall.
Something hits you.
You die...

# ..##
#...####
.......###
####.....###
###o#...#
#@{.#..#
###.# ..
.... . #.###
..


You could see an orc.

Vanquished Creatures
  An orc wizard (D:2)
  An adder (D:2)
  3 gnolls (D:2)
  A worm (D:2)
  2 orcs
  5 ball pythons
  2 endoplasms (D:1)
  A giant cockroach (D:1)
  6 goblins
  3 hobgoblins (D:1)
  6 bats
  2 frilled lizards
  3 kobolds (D:2)
  4 rats
40 creatures vanquished.

Notes
Turn   | Place    | Note
-------+----------+-------------------------------------------
     0 | D:1      | zeram the Kobold Brigand began the quest for the Orb.
     0 | D:1      | Reached XP level 1. HP: 12/12 MP: 1/1
   143 | D:1      | Reached XP level 2. HP: 17/17 MP: 2/2
   414 | D:1      | Reached skill level 6 in Stealth
   517 | D:1      | Reached XP level 3. HP: 22/22 MP: 3/3
  1085 | D:2      | Reached XP level 4. HP: 27/27 MP: 4/4
  1087 | D:2      | Reached skill level 7 in Stealth
  1799 | D:2      | Reached XP level 5. HP: 14/31 MP: 5/5
  1984 | D:3      | Slain by an orc wizard

Illustrated notes

Levels and vault maps discovered:
D:1:      minmay_arrival_stair_chambers, layout_loops_ring,
          minmay_misc_feat_ornament
D:2:      layout_loops_ring
D:3:      layout_rooms, nicolae_tso_carved_into_rock,
          shapermc_ecumenical_altar_mp_vishouse

Skill      XL: |  1  2  3  4 |
---------------+-------------+-----
Short Blades   | 3 |  3.6
Stealth        | 6 7 |  7.5
Fighting       | |  2.7
Throwing       | |  2.2
Dodging        | |  1.3

Action                   |  1- 3 |  4- 6 || total
-------------------------+-------+-------++-------
Melee: Dagger            |    40 |    45 ||    85
       Punch             |     1 |       ||     1
Throw: Dart              |       |     3 ||     3
  Use: Scroll            |     2 |     2 ||     4
 Stab: Sleeping          |    21 |     6 ||    27
       Distracted        |       |     1 ||     1
Armor: Robe              |     2 |     7 ||     9
Dodge: Dodged            |     8 |    29 ||    37
